 Dungeon Crawl Stone Soup version 0.28.0 (webtiles) character file.

Game seed: 12743056341308812831

25 GilGalad the Skirmisher (level 2, -5/27 HPs)
             Began as a Minotaur Fighter on Feb 13, 2022.
             Was a Believer of Zin.
             Slain by a wyvern skeleton (9 damage)
             ... on level 3 of the Dungeon.
             The game lasted 00:03:12 (1027 turns).

GilGalad the Skirmisher (Minotaur Fighter)          Turns: 1027, Time: 00:03:13

Health: -5/27      AC:  7    Str: 20    XL:     2   Next: 86%
Magic:  1/1        EV:  9    Int:  5    God:    Zin [**....]
Gold:   70         SH:  4    Dex:  9    Spells: 1/1 levels left

rFire   . . .      SeeInvis .   a - +0 war axe
rCold   . . .      Faith    .   c - +0 buckler
rNeg    . . .      Spirit   .   b - +0 scale mail
rPois   .          Reflect  .   (helmet restricted)
rElec   .          Harm     .   (no cloak)
rCorr   .          Rampage  .   (no gloves)
Will    .....                   (no boots)
Stlth   ..........              (no amulet)
HPRegen 0.09/turn               (no ring)
MPRegen 0.07/turn               (no ring)

@: no status effects
A: horns 2, retaliatory headbutt
a: Renounce Religion, Recite, Vitalisation, Donate Gold


You were on level 3 of the Dungeon.
You worshipped Zin.
Zin was pleased with you.
You visited 1 branch of the dungeon, and saw 3 of its levels.

You collected 77 gold pieces.
You donated 7 gold pieces to Zin.

Inventory:

Hand Weapons
 a - a +0 war axe (weapon)
Armour
 b - a +0 scale mail (worn)
 c - a +0 buckler (worn)
Scrolls
 e - a scroll of fear {unknown}
 f - a scroll of identify {unknown}
 g - a scroll of vulnerability {unknown}
 i - a scroll of noise {unknown}
 m - 2 scrolls of teleportation {unknown}
Potions
 d - a potion of might
 h - a potion of magic {unknown}
 j - a potion of heal wounds {unknown}
 k - a potion of resistance {unknown}
 l - a potion of mutation {unknown}


   Skills:
 + Level 4.0 Fighting
 + Level 2.9 Axes
 + Level 4.0 Armour
 + Level 4.0 Shields


You had one spell level left.
You didn't know any spells.
Your spell library contained the following spells:

 Spells                   Type           Power      Damage    Failure   Level
 Apportation              Tloc           0%         N/A       89%         1
 Gell's Gravitas          Tloc           0%         N/A       99%         3
 Lesser Beckoning         Tloc           0%         N/A       99%         3
 Teleport Other           Tloc           0%         N/A       99%         3
 Alistair's Intoxication  Tmut/Pois      0%         N/A       100%        5


Dungeon Overview and Level Annotations

Branches:
Dungeon (3/15)

Altars:
Zin


Innate Abilities, Weirdness & Mutations

You have a pair of horns on your head.
You reflexively headbutt those who attack you in melee.


Message History

You swing at nothing.
A frilled lizard is nearby!
A frilled lizard is nearby!
You block the frilled lizard's attack.
You closely miss the frilled lizard.
Your headbutt misses the frilled lizard.
You block the frilled lizard's attack.
You hit the frilled lizard.
You kill the frilled lizard!
No target in view!
No target in view!
m - 2 scrolls labelled JIRGHEE VUUS (gained 1)
Found a scale mail.
Found a stone staircase leading down.
There is a stone staircase leading down here.
You climb downwards.
There is a stone staircase leading up here.
A wyvern skeleton comes into view.
Found a stone staircase leading down.
The wyvern skeleton bites you!
A gnoll comes into view. It is wielding a +0 club.
You block the wyvern skeleton's attack.
The gnoll shouts!
The wyvern skeleton completely misses you.
You furiously retaliate!
You headbutt the wyvern skeleton!
An adder comes into view.
The wyvern skeleton bites you.
The adder hisses angrily.
The wyvern skeleton barely misses you. You furiously retaliate!
You headbutt the wyvern skeleton. You block the wyvern skeleton's attack.
A ball python comes into view.
A gnoll comes into view. It is wielding a +0 club.
The wyvern skeleton bites you but does no damage.
The ball python moves out of view.
The wyvern skeleton bites you!
* * * LOW HITPOINT WARNING * * *
A gnoll comes into view. It is wielding a +1 spear of venom.
The gnoll shouts!
The wyvern skeleton bites you!
You die...

##.# #... ... #..
#### #.# #.. #.#
#.#
.######<####.## #
#.............#>#
#..####......@..#
#.####.Z### #.#
#.g# #.# #S.# #..
.... ..# ##..##
#.# #.g# #g.#


You could see 3 gnolls, an adder and a wyvern skeleton.

Vanquished Creatures
  2 endoplasms (D:1)
  4 hobgoblins (D:1)
  4 jackals (D:1)
  A quokka (D:1)
  3 ball pythons (D:1)
  3 bats (D:1)
  6 frilled lizards
  3 rats (D:1)
26 creatures vanquished.

Notes
Turn   | Place    | Note
-------+----------+-------------------------------------------
     0 | D:1      | GilGalad the Minotaur Fighter began the quest for the Orb.
     0 | D:1      | Reached XP level 1. HP: 19/19 MP: 0/0
   102 | D:1      | Found a faded altar of an unknown god.
   113 | D:1      | Prayed at the altar of an unknown god.
   113 | D:1      | Became a worshipper of Zin the Law-Giver
   113 | D:1      | Reached * piety under Zin
   160 | D:1      | Reached XP level 2. HP: 27/27 MP: 1/1
   450 | D:1      | Reached ** piety under Zin
  1027 | D:3      | Slain by a wyvern skeleton

Illustrated notes

Levels and vault maps discovered:
D:1:      lemuel_arrival_lava_pool, layout_loops_ring, basic_ecumenical_altar,
          chequers_garden
D:2:      layout_basic, serial_glass, glass_columns_a, glass_columns_a
D:3:      layout_loops_ring

Skill      XL: |  1  2 |
---------------+-------+-----
Fighting       | 4 |  4.0
Armour         | 4 |  4.0
Shields        | 4 |  4.0
Axes           | |  2.9

Action                   || total
-------------------------++-------
Melee: War axe           ||    54
       Headbutt          ||     9
Armor: Scale mail        ||    17
Dodge: Dodged            ||    33
Block: Buckler           ||    16
